AoeStats
← Solace.

Arena

509633004Analyzed
4v4 RM · 6d ago on Sep 27, 2026· 43m 15s· 8 players
Game mode
Random Map
Map size
Large (8 player)
Population
200
Speed
Normal
Resources
Standard
Victory
Conquest
Starting age
Dark Age
Ending age
Imperial Age
RankedLock teamsTeams togetherTeam positionsShared explorationLock speedFull tech treeHidden civsTurbo modeCheats
Victory
Defeat
🇬🇧 Bohemians · United Kingdom
1097
+12
🇬🇧 Saxons · United Kingdom
1074
+13
🇨🇿 Cumans · Czechia
1024
+15
🇨🇳 Vietnamese · China
1022
+15
🇹🇼 Byzantines · Taiwan
1067
-35
🇲🇽 Khmer · Mexico
1066
-15
🇨🇳 Danes · China
984
-13
🇨🇳 Aztecs · China
929
-11
AnnatolyhoMalýŠkoticeps
9:22 Loom
11:17 Feudal Age
9:45 Loom
16:54 Double-Bit Axe
19:36 Castle Age
19:18 Scale Barding Armor
21:18 Bloodlines
22:44 Forging
23:00 Horse Collar
31:43 Imperial Age
30:52 Iron Casting
30:37 Chain Barding Armor
31:49 Elite Steppe Lancer
33:32 Blast Furnace
33:10 Plate Barding Armor
33:08 Bow Saw
33:14 Heavy Plow
37:58 Steppe Husbandry
biodegradable plastic
10:50 Feudal Age
12:05 Double-Bit Axe
17:11 Castle Age
15:00 Horse Collar
20:56 Fervor
21:21 Town Watch
21:31 Loom
24:11 Wheelbarrow
24:27 Redemption
25:34 Hand Cart
31:07 Imperial Age
31:04 Sanctity
31:53 Hussite Reforms
32:11 Conscription
31:56 Heavy Plow
32:14 Block Printing
32:30 Illumination
33:02 Block Printing
33:14 Illumination
41:10 Chemistry
41:46 Houfnice
The Laughing Storm
12:04 Feudal Age
12:52 Double-Bit Axe
16:01 Castle Age
15:16 Horse Collar
17:01 Bow Saw
16:53 Heavy Plow
23:01 Wheelbarrow
23:29 Gold Mining
23:29 Stone Mining
24:35 Hand Cart
26:01 Gold Shaft Mining
25:28 Loom
30:07 Imperial Age
28:01 Gambesons
28:16 Squires
28:02 Arson
30:09 Scale Mail Armor
30:19 Forging
30:19 Elite Varangian Guard
31:18 Chain Mail Armor
31:33 Conscription
30:58 Shield Wall
32:37 Iron Casting
32:41 Plate Mail Armor
32:47 Fletching
35:23 Chemistry
34:04 Treadmill Crane
35:48 Thumb Ring
35:12 Crossbowman
35:55 Arbalester
36:49 Guard Tower
38:20 Keep
38:06 Ballistics
38:14 Pikeman
40:02 Halberdier
41:14 Bodkin Arrow
41:20 Murder Holes
41:11 Arrowslits
41:40 Masonry
钢的根
12:08 Feudal Age
13:15 Double-Bit Axe
14:17 Gold Mining
17:28 Castle Age
17:06 Scale Barding Armor
16:50 Horse Collar
20:04 Forging
28:01 Wheelbarrow
28:00 Town Watch
31:31 Heavy Plow
36:57 Imperial Age
36:18 Chain Barding Armor
36:35 Iron Casting
37:18 Husbandry
37:31 Bloodlines
37:17 Elite Battle Elephant
38:07 Chatras
39:04 Crop Rotation
38:52 Hand Cart
39:18 Plate Barding Armor
[GDL]Dunitrid
10:03 Feudal Age
13:51 Castle Age
12:45 Double-Bit Axe
12:42 Horse Collar
13:49 Gold Mining
15:00 Wheelbarrow
20:57 Loom
21:17 Heavy Plow
23:43 Hand Cart
23:14 Town Watch
26:52 Gold Shaft Mining
26:09 Stone Mining
30:00 Imperial Age
31:15 Conscription
31:15 Scale Barding Armor
31:21 Forging
32:38 Chemistry
31:49 Masonry
31:55 Double Crossbow
32:02 Fletching
32:07 Light Cavalry
32:48 Husbandry
33:40 Bloodlines
34:58 Chain Barding Armor
40:08 Iron Casting
40:09 Plate Barding Armor
39:34 Padded Archer Armor
39:30 Bodkin Arrow
39:35 Scale Mail Armor
41:51 Hussar
43:33 Blast Furnace
43:32 Leather Archer Armor
geekchang
10:42 Feudal Age
14:28 Castle Age
12:52 Horse Collar
13:27 Double-Bit Axe
16:16 Wheelbarrow
23:00 Hand Cart
22:31 Loom
413401132
10:01 Feudal Age
10:34 Double-Bit Axe
10:34 Horse Collar
14:07 Gold Mining
16:18 Loom
18:48 Castle Age
19:32 Scale Mail Armor
19:43 Forging
20:19 Caravan
20:57 Chain Mail Armor
21:37 Bow Saw
22:05 Squires
22:07 Stone Mining
22:30 Heavy Plow
24:41 Wheelbarrow
25:44 Stone Shaft Mining
25:55 Gold Shaft Mining
26:01 Arson
29:19 Hand Cart
31:50 Imperial Age
29:20 Pikeman
32:21 Iron Casting
34:36 Crop Rotation
33:39 Capped Ram
35:17 Conscription
41:26 Hand Cart
Solace.
10:44 Feudal Age
11:14 Loom
15:04 Castle Age
13:53 Double-Bit Axe
14:14 Horse Collar
22:01 Wheelbarrow
24:41 Hand Cart
26:27 Bow Saw
26:40 Forging
26:31 Scale Mail Armor
28:00 Iron Casting
29:02 Chain Mail Armor
32:41 Imperial Age
30:41 Hamask
32:47 Onager
33:54 Conscription
32:56 Elite Jomsviking
34:19 Husbandry
34:31 Bloodlines
33:43 Light Cavalry
36:29 Blast Furnace
36:00 Plate Mail Armor
36:52 Squires
36:38 Arson
Connection lost

Rejoining the realm…

Still unreachable

The connection could not be restored.

Session expired

The server has moved on; the page needs a fresh start.